 Dungeon Crawl Stone Soup version 0.20-a0-792-g09bcfd3 (webtiles) character file.

286 esteth the Spear-Bearer (level 6, 0/44 HPs)
             Began as a Merfolk Skald on Feb 28, 2017.
             Slain by an iguana (11 damage)
             ... on level 5 of the Dungeon.
             The game lasted 00:09:56 (3761 turns).

esteth the Spear-Bearer (Merfolk Skald)             Turns: 3761, Time: 00:09:56

Health: 0/44       AC:  6    Str: 11    XL:     6   Next: 30%
Magic:  2/9        EV: 13    Int: 13    God:
Gold:   193        SH:  0    Dex: 15    Spells: 6/9 levels left

rFire    . . .     SeeInvis .   s - +0 trident
rCold    . . .     Gourm    .   b - +0 leather armour
rNeg     . . .     Faith    .   (no shield)
rPois    .         Spirit   .   (no helmet)
rElec    .         Reflect  .   B - scarf {repulsion}
rCorr    .         Harm     .   (no gloves)
MR       .....                  h - +2 pair of boots
Stlth    +.........             (no amulet)
Regen    0.2/turn               (no ring)
MPRegen  0.2/turn               (no ring)

@: shrouded (expiring), very slightly contaminated, repel missiles
A: change form in water, swift swim, stealthy swim
a: no special abilities


You were on level 5 of the Dungeon.
You were not hungry.

You visited 1 branch of the dungeon, and saw 5 of its levels.

You collected 193 gold pieces.

Inventory:

Hand Weapons
 a - a +0 spear
 s - a +0 trident (weapon)
Armour
 b - a +0 leather armour (worn)
 h - a +2 pair of boots (worn)
 B - a scarf of repulsion (worn)
Jewellery
 m - a +5 ring of dexterity {unknown}
Wands
 y - a wand of lightning (11/15)
Scrolls
 e - 2 scrolls of recharging {unknown}
 f - 2 scrolls of identify {unknown}
 g - a scroll of amnesia {unknown}
 i - a scroll of fear {unknown}
 j - 2 scrolls of magic mapping {unknown}
 k - a scroll of random uselessness {unknown}
 l - 3 scrolls of teleportation {unknown}
 p - a scroll of enchant armour {unknown}
 r - a scroll of immolation {unknown}
 v - a scroll of noise {unknown}
 w - a scroll of remove curse {unknown}
 z - a scroll of fog {unknown}
 A - a scroll of enchant weapon {unknown}
Potions
 o - 2 potions of curing {unknown}
 t - a potion of heal wounds {unknown}
 u - a potion of mutation {unknown}
 x - 4 potions of might
 D - a potion of invisibility {unknown}
Books
 c - a book of Battle

   Spells                             Type                      Level
   a - Infusion                       Charms                       1
   b - Shroud of Golubria             Charms/Translocation         2
   c - Song of Slaying                Charms                       2
   d - Spectral Weapon                Hexes/Charms                 3
   e - Regeneration                   Charms/Necromancy            3
Comestibles
 d - 2 bread rations
 q - 2 royal jellies
 C - a meat ration


   Skills:
 - Level 2.1 Fighting
 - Level 9.1 Polearms
 - Level 0.6 Armour
 + Level 3.2 Dodging
 - Level 2.0 Spellcasting
 - Level 3.2 Charms


You had 6 spell levels left.
You knew the following spells:

 Your Spells              Type           Power        Failure   Level  Hunger
a - Infusion              Chrm           #...         12%         1    ##.....
b - Shroud of Golubria    Chrm/Tloc      #.........   28%         2    ###....


Dungeon Overview and Level Annotations

Branches:
Dungeon (5/15)
 Temple: D:4-7

Altars:
Cheibriados
Xom
The Shining One


Message History

You kill the hound!
Your Dodging skill increases to level 3!
Your shroud begins to fray at the edges.
You hit the iguana.
The iguana is heavily wounded.
You hit the iguana.
The iguana is severely wounded.
The iguana closely misses you.
You closely miss the iguana.
The iguana is severely wounded.
You are no longer magically infusing your attacks.
The iguana bites you but does no damage.
You hit the iguana.
The iguana is severely wounded.
The iguana bites you!
* * * LOW HITPOINT WARNING * * *
You hit the iguana.
The iguana is almost dead.
The iguana bites you!
You die...

##....# #....###.....####
###.....## #.........####
##.......# #..#...#### ####
)..รทรท....#######..### ###...##
#.........>..###.## ###......##
.................# ##.........#
...........#.....# ##..........#
...........#####.####............
...........# #@##..............
..........## #l#...............
........### #.#...............
......### #.................
####### #.................
#.............)....
#..#................
#..###............... #..#
#..............#


You could see an iguana.

Vanquished Creatures
  An orc priest (D:5)
  2 hounds (D:5)
  An orc wizard (D:4)
  An iguana (D:5)
  A worker ant (D:4)
  6 adders
  A worm (D:4)
  A dart slug (D:1)
  3 leopard geckos
  9 orcs
  3 giant cockroaches
  7 goblins
  5 hobgoblins
  2 jackals (D:3)
  3 quokkas
  7 bats
  4 frilled lizards
  A kobold (D:3)
  A quokka skeleton (D:5)
  6 rats
65 creatures vanquished.

Notes
Turn   | Place    | Note
-------+----------+-------------------------------------------
     0 | D:1      | esteth the Merfolk Skald began the quest for the Orb.
     0 | D:1      | Reached XP level 1. HP: 16/16 MP: 3/3
   282 | D:1      | Reached skill level 4 in Polearms
   282 | D:1      | Reached XP level 2. HP: 22/22 MP: 5/5
   843 | D:2      | Reached skill level 5 in Polearms
   843 | D:2      | Reached XP level 3. HP: 24/27 MP: 6/6
  1071 | D:2      | Found a snail-covered altar of Cheibriados.
  1142 | D:2      | Reached skill level 6 in Polearms
  1151 | D:2      | Reached XP level 4. HP: 32/33 MP: 7/7
  1434 | D:3      | Learned a level 2 spell: Shroud of Golubria
  1483 | D:3      | Found a glowing golden altar of the Shining One.
  1650 | D:3      | Found a faded altar of an unknown god.
  1698 | D:3      | Found a shimmering altar of Xom.
  1828 | D:3      | Found a shimmering altar of Xom.
  1833 | D:3      | Found a shimmering altar of Xom.
  1834 | D:3      | Found a shimmering altar of Xom.
  1834 | D:3      | Found a shimmering altar of Xom.
  1864 | D:3      | Found a shimmering altar of Xom.
  2161 | D:4      | Reached skill level 7 in Polearms
  2161 | D:4      | Reached XP level 5. HP: 37/38 MP: 8/8
  2646 | D:4      | Reached skill level 8 in Polearms
  2877 | D:4      | Noticed an ogre
  2894 | D:5      | Entered Level 5 of the Dungeon
  3208 | D:5      | Reached XP level 6. HP: 13/44 MP: 4/9
  3444 | D:5      | Reached skill level 9 in Polearms
  3761 | D:5      | Slain by an iguana

Vault maps used:
D:1:      sevenhm_arrival_forest_fort_large_4, minmay_misc_feat_more_columns
D:2:      nicolae_overflow_crystal_walls, st_stairs_7
D:3:      tso_metal_star, xom_redecorated, chequers_ecumenical_altar_simple
D:4:      lemuel_crystal_altar, grunt_ministairs_11, minivault_26
D:5:      nicolae_overflow_hidden_temple, first_bread

Skill      XL: |  1  2  3  4  5  6 |
---------------+-------------------+-----
Polearms       | 4 5 6 7 8 9 |  9.1
Dodging        | 3 |  3.2
Fighting       | |  2.1
Armour         | |  0.6
Spellcasting   | |  2.0
Charms         | |  3.2

Action                   |  1- 3 |  4- 6 || total
-------------------------+-------+-------++-------
Melee: Spear             |    77 |     4 ||    81
       Trident           |       |   193 ||   193
 Cast: Shroud of Golubri |       |     3 ||     3
       Infusion          |       |     3 ||     3
  Use: Potion            |       |     1 ||     1
 Stab: Sleeping          |     1 |     1 ||     2
  Eat: Chunk             |     1 |     8 ||     9
Armor: Leather armour    |    21 |    37 ||    58
Dodge: Dodged            |    38 |    96 ||   134
